Map: Ulrena

Players

CrazY - Winner!

  • Race: Zerg Zerg
  • League: Master

MorN

  • Race: Terran Terran
  • League: Master

VOD

Have the link to the VOD?

Description

Time

  • Played on: Nov. 22, 2015, 9:22 p.m.
  • Length: 11:32
Show
View Real Time Build Order
Export as new Build Order

CrazY Zerg - Winner!

Build Orders: Hatch First, Ravager All-In 

Get SALT Encoding   

  12  0:03  Drone  
  13  0:12  Overlord  
  13  0:18  Drone  
  14  0:22  Extractor  
  14  0:23  Drone  
  15  0:31  Drone  
  15  0:35  Drone  
  17  0:54  Hatchery  
  17  0:57  Drone  
  17  1:04  Drone  
  18  1:05  Extractor  
  18  1:10  Drone  
  18  1:20  Spawning Pool  
  17  1:26  Drone  
  18  1:35  Drone  
  19  1:42  Drone  
  20  1:51  Overlord  
  20  2:06  Metabolic Boost, Queen x2  
  24  2:09  Zergling x2  
  24  2:12  Zergling x2  
  26  2:22  Drone x2  
  28  2:23  Drone  
  28  2:26  Extractor  
  28  2:36  Drone x2  
  29  2:39  Drone  
  30  2:49  Drone x2  
  32  2:57  Roach Warren  
  31  3:02  Drone  
  31  3:03  Drone  
  33  3:12  Overlord  
  33  3:17  Overlord  
  32  3:39  Roach x5  
  41  3:42  Roach  
  43  3:55  Roach x2  
  46  4:06  Zergling x2  
  46  4:07  Zergling x8  
  51  4:11  Overlord  
  51  4:17  Overlord  
  51  4:35  Ravager x2  
  51  4:37  Ravager x2  
  55  4:38  Ravager  
  55  4:40  Ravager, Zergling x2  
  55  4:41  Zergling x10  
  61  5:16  Zergling x2  
  61  5:17  Roach x3, Zergling x4  
  61  5:18  Lair  
  67  5:31  Overlord  
  63  5:57  Roach x5, Zergling x8  
  74  6:13  Zergling x2  
  75  6:20  Overlord, Spire  
  74  6:37  Ravager  
  75  6:54  Drone  
  75  6:55  Drone x7  
  75  6:56  Overlord  
  75  6:57  Overlord  
  75  6:58  Extractor  
  75  7:00  Extractor  
  81  7:18  Drone  
  81  7:19  Drone x4  
  86  7:39  Mutalisk x5  
  96  7:46  Zergling x6  
  92  7:58  Overlord x3  
  92  8:00  Spore Crawler  
  91  8:18  Mutalisk  
  91  8:19  Mutalisk x2  
  94  8:25  Zergling x10  
  97  8:29  Drone  
  97  8:30  Drone x2  
  98  8:48  Mutalisk  
  77  8:58  Zergling x8  
  77  9:00  Drone x2  
  81  9:11  Zergling x6  
  81  9:12  Zergling x4  
  82  9:19  Drone  
  83  9:25  Drone x5  
  80  9:59  Roach x2, Zergling x4  
  84  10:00  Roach x3, Zergling x8  
  82  10:12  Roach, Zergling x2  
  82  10:23  Hatchery  
  82  10:24  Roach x2, Zergling x4  
  87  10:30  Zergling x2  
  87  10:31  Roach, Zergling x2  
  88  10:38  Roach  
  88  10:39  Roach  
  92  10:50  Ravager x2  
  92  10:51  Ravager  
  92  10:52  Zergling x4  
  92  10:53  Zergling x6  
  100  11:01  Drone x2  
  100  11:02  Drone  
Show
View Real Time Build Order
Export as new Build Order

MorN Terran 

Build Orders: Reaper Expand, MMM Bio 

Get SALT Encoding   

  12  0:00  SCV  
  13  0:13  SCV  
  14  0:18  Supply Depot  
  14  0:25  SCV  
  15  0:39  SCV  
  15  0:41  Barracks  
  16  0:46  Refinery  
  16  0:51  SCV  
  17  1:03  SCV  
  18  1:15  SCV  
  19  1:30  Orbital Command  
  19  1:31  Reaper  
  20  1:44  Command Center  
  20  1:55  Supply Depot  
  20  1:58  SCV  
  21  2:03  Reaper  
  22  2:10  SCV  
  23  2:22  SCV  
  24  2:25  Factory  
  24  2:35  SCV  
  25  2:40  Command Center  
  25  2:50  Barracks Reactor  
  25  2:51  Refinery  
  25  2:52  SCV  
  26  3:00  Orbital Command  
  26  3:04  SCV  
  27  3:13  Factory Tech Lab  
  27  3:16  SCV  
  28  3:29  SCV  
  29  3:38  Marine x2  
  29  3:41  SCV  
  31  3:47  Siege Tank, Starport  
  34  3:52  SCV  
  34  3:53  Orbital Command  
  34  3:54  SCV  
  36  3:59  Marine x2  
  38  4:04  SCV  
  38  4:06  SCV  
  39  4:16  SCV  
  39  4:17  Marine x2  
  40  4:18  SCV  
  40  4:19  SCV  
  44  4:24  Medivac  
  44  4:28  SCV  
  44  4:30  SCV, Barracks  
  48  4:32  Factory Reactor  
  48  4:50  Barracks  
  48  4:58  Orbital Command  
  45  5:15  Medivac, Marauder  
  45  5:16  Widow Mine x2  
  53  5:21  SCV x2  
  53  5:22  Bunker  
  39  5:52  Marine  
  39  5:54  Marine  
  39  5:55  Marine  
  42  6:02  Barracks Tech Lab, Widow Mine x2  
  45  6:04  Medivac  
  45  6:06  SCV x2  
  45  6:10  Marine  
  48  6:20  Barracks x2  
  45  6:29  Marauder  
  45  6:30  Stimpack  
  45  6:31  Widow Mine  
  47  6:38  Marine x2  
  49  6:43  Supply Depot  
  49  6:44  Supply Depot  
  49  6:46  Medivac  
  49  6:56  Engineering Bay  
  49  7:30  SCV  
  49  7:31  SCV  
  49  7:34  Marine x3  
  54  7:41  Medivac  
  56  7:48  Missile Turret  
  56  7:54  Marine  
  56  7:55  Marine  
  58  7:59  Marine  
  58  8:02  SCV  
  60  8:16  Marine  
  61  8:25  Marine x2  
  59  8:29  Terran Infantry Weapons Level 1  
  49  8:49  Marine  
  49  8:50  Marine x5  
  49  8:53  Medivac  
  54  9:03  Combat Shields  
  54  9:09  Marine x2  
  51  9:18  Marine x3  
  54  9:27  Medivac  
  51  9:40  Marine  
  51  9:41  Marauder, Marine  
  49  9:47  Marine  
  49  9:49  Marine  
  49  9:54  Marine  
  45  10:05  Orbital Command  
  25  10:36  Marine x5  
  25  10:37  Marine  
  31  10:54  Marine  
  32  11:03  Orbital Command  
Tags
 
Add a new tag
Caveats
  • Supply blocks, unpowered buildings, or Contaminate may cause inaccurate times.
  • Supply counts are checked every 10 seconds.